 Dungeon Crawl Stone Soup version 0.18.1-50-g88ac8fd (webtiles) character file.

17 Kokiki the Chiller (level 2, -1/19 HPs)
             Began as a Human Ice Elementalist on Sept 17, 2016.
             Slain by an adder (2 damage)
             ... on level 2 of the Dungeon.
             The game lasted 00:04:10 (1077 turns).

Kokiki the Chiller (Human Ice Elementalist)         Turns: 1077, Time: 00:04:11

Health: -1/19      AC:  6    Str:  6 (8)  XL:     2   Next: 80%
Magic:  0/5        EV: 12    Int: 12 (15) God:
Gold:   63         SH:  0    Dex: 10 (12) Spells: 2 memorised, 2 levels left

rFire  . . .     SeeInvis .     (no weapon)
rCold  . . .     Gourm    .     a - +0 robe
rNeg   . . .     Faith    .     (no shield)
rPois  .         Spirit   .     (no helmet)
rElec  .         Dismiss  .     (no cloak)
rCorr  .         Reflect  .     (no gloves)
SustAt .         Harm     .     (no boots)
MR     +....                    e - amulet of rage
Stlth  ++........               (no ring)
                                (no ring)

@: lethally poisoned (-1 -> -6), somewhat resistant to hostile enchantments,
unstealthy
A: talons 1, rough black scales 1, magic resistance 1, wild magic 1, evolution 1
a: Evoke Berserk Rage


You were on level 2 of the Dungeon.
You were not hungry.

You visited 1 branch of the dungeon, and saw 2 of its levels.

You collected 63 gold pieces.

Inventory:

Armour
 a - a +0 robe (worn)
 k - a +0 leather armour of cold resistance
Jewellery
 d - a cursed ring of teleportation
 e - an amulet of rage (around neck)
Scrolls
 f - a scroll of immolation {unknown}
 g - 2 scrolls of remove curse {unknown}
 h - a scroll of amnesia
Books
 b - a book of Frost

   Spells                             Type                      Level
   a - Freeze                         Ice                          1
   b - Throw Frost                    Conjuration/Ice              2
   c - Ozocubu's Armour               Charms/Ice                   3
   d - Throw Icicle                   Conjuration/Ice              4
   e - Summon Ice Beast               Ice/Summoning                4
Comestibles
 c - a bread ration
 i - a beef jerky
 j - a meat ration


   Skills:
 + Level 2.2 Dodging
 + Level 2.0 Stealth
 + Level 2.3 Spellcasting
 + Level 1.0 Conjurations
 + Level 3.4 Ice Magic


You had 2 spell levels left.
You knew the following spells:

 Your Spells              Type           Power        Failure   Level  Hunger
a - Freeze                Ice            ##..         14%         1    ##.....
b - Throw Frost           Conj/Ice       #.....       24%         2    ###....


Dungeon Overview and Level Annotations

Branches:
Dungeon (2/15)

Altars:


Innate Abilities, Weirdness & Mutations

You have sharp toenails.
You are partially covered in rough black scales (AC +4, Dex -1).
You are resistant to hostile enchantments.
Your spells are a little harder to cast, but a little more powerful.
You evolve.


Message History

You don't have enough magic to cast that spell.
The adder bites you but does no damage.
You feel sick.
Casting: Freeze
Confirm with . or Enter, or press ? or * to list all spells.
Aiming: Freeze
Press: ? - help, Shift-Dir - straight line, f/p - adder
Aim: an adder (severely wounded)
You freeze the adder.
The adder is almost dead.
You feel sick. The adder bites you but does no damage. The adder bites you.
* * * LOW HITPOINT WARNING * * *
* * * LOW HITPOINT WARNING * * *
You feel sick. The adder completely misses you.
* * * LOW HITPOINT WARNING * * *
You feel sick.
* * * LOW HITPOINT WARNING * * *
You feel sick. The adder bites you.
You die...

........# #.#.# #.#
#.#.# #.# #.#.# .#
#.######
#.#.##.###.##......#
#..<.#...#.##.####.#
####......#.#.#...###.#
................S#.##.#
#..†.........@##.#.# #
##^..#.............#
##.##...#..(.....##.#.#
......#..........#.##.#
##.##...#.........###.#
#.###.........#### #.#
#.....####....# ..#
#####.# #.#### ..# #.#
#.# .#


You could see an adder.

Vanquished Creatures
  A worm (D:2)
  A ball python (D:1)
  A bat (D:1)
  2 giant cockroaches (D:2)
  A goblin (D:1)
  2 hobgoblins (D:1)
  2 kobolds
  4 rats
14 creatures vanquished.

Notes
Turn   | Place    | Note
--------------------------------------------------------------
     0 | D:1      | Kokiki the Human Ice Elementalist began the quest for the Orb.
     0 | D:1      | Reached XP level 1. HP: 13/13 MP: 3/3
   406 | D:1      | Reached XP level 2. HP: 16/19 MP: 1/5
   410 | D:1      | Learned a level 2 spell: Throw Frost
   631 | D:1      | Gained mutation: Your spells are a little harder to cast, but a little more powerful. [potion of mutation]
   631 | D:1      | Gained mutation: You are frail (-10% HP). [potion of mutation]
   631 | D:1      | Gained mutation: You evolve. [potion of mutation]
   633 | D:1      | Gained mutation: You are partially covered in rough black scales (AC +4, Dex -1). [potion of mutation]
   633 | D:1      | Gained mutation: You are resistant to hostile enchantments. [potion of mutation]
   633 | D:1      | Gained mutation: You have sharp toenails. [potion of mutation]
   856 | D:2      | Lost mutation: You are frail (-10% HP). [evolution]
  1077 | D:2      | Slain by an adder

Action                   || total
-------------------------++-------
Melee: Unarmed           ||    24
       Kick              ||     4
 Cast: Freeze            ||    16
       Throw Frost       ||    10
  Use: Potion            ||     4
       Scroll            ||     2
  Eat: Chunk             ||     1
Armor: Robe              ||    12
Dodge: Dodged            ||    25
